 Dungeon Crawl Stone Soup version 0.21.1-1-g345015f (webtiles) character file.

95 Shevrar the Vandal (level 4, -5/29 HPs)
             Began as a Halfling Hunter on May 9, 2018.
             Killed by divine providence
             ... invoked by an orc priest
              (10 damage)
             ... on level 3 of the Dungeon.
             The game lasted 00:09:41 (1915 turns).

Shevrar the Vandal (Halfling Hunter)                Turns: 1915, Time: 00:09:42

Health: -5/29      AC:  6    Str: 13    XL:     4   Next: 97%
Magic:  4/4        EV: 12    Int: 10    God:
Gold:   141        SH:  0    Dex: 14    Spells: 3/3 levels left

rFire    . . .     SeeInvis .   b - +0 short sword
rCold    . . .     Gourm    .   (shield restricted)
rNeg     . . .     Faith    .   e - +0 scale mail
rPois    .         Spirit   .   (no helmet)
rElec    .         Reflect  .   (no cloak)
rCorr    .         Harm     .   (no gloves)
MR       .....                  (no boots)
Stlth    +.........             (no amulet)
HPRegen  0.09/turn              (no ring)
MPRegen  0.09/turn              (no ring)

@: no status effects
A: small, mutation resistance 1
a: no special abilities


You were on level 3 of the Dungeon.
You were not hungry.

You visited 1 branch of the dungeon, and saw 4 of its levels.

You collected 141 gold pieces.

Inventory:

Hand Weapons
 a - a +1 hunting sling
 b - a +0 short sword (weapon)
Missiles
 d - 24 sling bullets
 i - 80 stones (quivered)
 s - 53 bolts
Armour
 e - a +0 scale mail (worn)
Scrolls
 c - a scroll of immolation {unknown}
 h - 2 scrolls of amnesia
 j - 2 scrolls of identify
 k - a scroll of fog {unknown}
 l - a scroll of enchant weapon {unknown}
 n - a scroll of fear {unknown}
 r - a scroll of teleportation
Potions
 g - a potion of flight
 m - a potion of lignification
 p - a potion of mutation {unknown}
 q - a potion of degeneration {unknown}
Comestibles
 f - 7 rations
 o - 5 chunks of flesh


   Skills:
 - Level 1.7 Fighting
 + Level 2.6 Short Blades
 + Level 6.9 Slings
 - Level 2.1 Dodging
 + Level 3.0 Stealth


You had 3 spell levels left.
You didn't know any spells.

Dungeon Overview and Level Annotations

Branches:
Dungeon (4/15)
 Temple: D:4-7

Altars:


Innate Abilities, Weirdness & Mutations

You are small and have problems with some larger weapons.
You are somewhat resistant to further mutation.


Message History

You kill the orc!
You start resting.
Found a scroll of identify.
You start resting.
The orc priest shouts!
The orc priest invokes the aid of Beogh against you.
Pain shoots through your body!
b - a +0 short sword (weapon)
You closely miss the orc priest.
The orc priest hits you with a hand axe.
* * * LOW HITPOINT WARNING * * *
You hit the orc priest.
The orc priest is moderately wounded.
The orc priest hits you with a hand axe.
* * * LOW HITPOINT WARNING * * *
You hit the orc priest.
The orc priest is heavily wounded.
The orc priest invokes the aid of Beogh against you.
Beogh smites you!
You die...

#..(....#
#####..o.....
#...#........ ##
#.....(...#
..###...#.#####
#.........#
##.#..()##
#.####o###..#
#......@##.##
#...........#
..?....?.#.....#
......##...#.#...
###### #..##.#
..... ##.#...
..#. .....## .#.#
#..... ..## ###..
..#


You could see an orc priest.

Vanquished Creatures
  6 adders
  A dart slug (D:2)
  A leopard gecko (D:2)
  3 orcs (D:3)
  9 bats
  2 giant cockroaches (D:2)
  4 goblins
  2 hobgoblins
  2 jackals (D:3)
  4 kobolds
  2 quokkas (D:2)
  5 frilled lizards
  7 rats
48 creatures vanquished.

Vanquished Creatures (others)
  A jackal (D:3)
1 creature vanquished.

Grand Total: 49 creatures vanquished

Notes
Turn   | Place    | Note
-------+----------+-------------------------------------------
     0 | D:1      | Shevrar the Halfling Hunter began the quest for the Orb.
     0 | D:1      | Reached XP level 1. HP: 14/14 MP: 1/1
   169 | D:1      | Reached skill level 6 in Slings
   217 | D:1      | Reached XP level 2. HP: 19/19 MP: 2/2
   275 | D:1      | Reached skill level 1 in Short Blades
   838 | D:2      | Reached XP level 3. HP: 24/24 MP: 3/3
  1184 | D:2      | Reached XP level 4. HP: 26/29 MP: 4/4
  1915 | D:3      | Killed from afar by an orc priest

Skill      XL: |  1  2  3  4 |
---------------+-------------+-----
Slings         | 6 |  6.9
Short Blades   | 1 2 |  2.6
Stealth        | 2 3 |  3.0
Fighting       | |  1.7
Dodging        | |  2.1

Action                   |  1- 3 |  4- 6 || total
-------------------------+-------+-------++-------
Melee: Short sword       |    37 |    42 ||    79
 Fire: Hunting sling     |    47 |    40 ||    87
  Use: Scroll            |     3 |     1 ||     4
  Eat: Chunk             |     1 |     2 ||     3
Armor: Scale mail        |    18 |    27 ||    45
Dodge: Dodged            |    35 |    37 ||    72
